 Dungeon Crawl Stone Soup version 0.23.2-1-ga50397a (webtiles) character file.

Game seed: 1824246746694572354

81 diana the Skirmisher (level 4, 0/35 HPs)
             Began as a Demonspawn Fighter on May 24, 2019.
             Slain by an adder (2 damage)
             ... on level 2 of the Dungeon.
             The game lasted 00:01:06 (981 turns).

diana the Skirmisher (Demonspawn Fighter)            Turns: 981, Time: 00:01:06

Health: 0/35       AC: 13    Str: 18    XL:     4   Next: 20%
Magic:  4/4        EV:  3    Int:  9    God:
Gold:   89         SH:  9    Dex: 12    Spells: 3/3 levels left

rFire    . . .     SeeInvis .   a - +0 war axe
rCold    . . .     Gourm    .   c - +0 shield
rNeg     . . .     Faith    .   o - +0 plate armour
rPois    .         Spirit   .   (no helmet)
rElec    .         Reflect  .   (no cloak)
rCorr    .         Harm     .   (no gloves)
MR       .....                  (no boots)
Stlth    ..........             (no amulet)
HPRegen  0.11/turn              (no ring)
MPRegen  0.09/turn              (no ring)

@: lethally poisoned (0 -> -3)
A: claws 1, molten scales 1
a: no special abilities


You were on level 2 of the Dungeon.
You were hungry.

You visited 1 branch of the dungeon, and saw 2 of its levels.

You collected 89 gold pieces.

Inventory:

Hand Weapons
 a - a +0 war axe (weapon)
Armour
 b - a +0 scale mail
 c - a +0 shield (worn)
 o - a +0 plate armour (worn)
Jewellery
 l - an uncursed amulet of guardian spirit {unknown}
Scrolls
 e - 2 scrolls of remove curse {unknown}
 g - 2 scrolls of identify {unknown}
 i - a scroll of random uselessness {unknown}
 j - a scroll of blinking {unknown}
 n - a scroll of enchant armour {unknown}
Potions
 d - 3 potions of might
 h - a potion of cancellation {unknown}
 k - a potion of curing {unknown}
 m - 2 potions of agility {unknown}
Comestibles
 f - 2 rations


   Skills:
 + Level 3.5 Fighting
 + Level 2.3 Axes
 + Level 3.1 Armour
 + Level 1.3 Dodging
 + Level 3.1 Shields


You had 3 spell levels left.
You didn't know any spells.
Your spell library was empty.

Dungeon Overview and Level Annotations

Branches:
Dungeon (2/15)

Altars:


Innate Abilities, Weirdness & Mutations

You have sharp fingernails.
You are partially covered in molten scales. (AC +2)


Message History

You block the adder's attack.
You hit the adder but do no damage.
The adder is heavily wounded.
You feel sick. You block the adder's attack. x2
You miss the adder.
The adder is heavily wounded.
You feel sick. The adder bites you but does no damage. The adder bites you.
* * * LOW HITPOINT WARNING * * *
You hit the adder.
The adder is almost dead.
The adder bites you but does no damage.
You closely miss the adder.
The adder is almost dead.
* * * LOW HITPOINT WARNING * * *
You feel sick. The adder completely misses you. The adder bites you.
* * * LOW HITPOINT WARNING * * *
You barely miss the adder.
The adder is almost dead.
The adder bites you.
You die...

#.# #.#
#.#.### #
#.....# #.
##.#.#.# ..
..#.#.##
#.##.S$..####
#....@.......
#..#.....####.
#..##.#.## #.#
..##.#.# #.#
#.##.# #
##.### ####
#.##.# ....#
.....##.##.#
#.#.#
#...[...#
####.#.######
#.##.####
#............


You could see an adder.

Vanquished Creatures
  Jessica (D:2)
  An adder (D:2)
  An ooze (D:1)
  A worm (D:2)
  4 dart slugs
  A leopard gecko (D:2)
  4 bats
  2 goblins (D:1)
  4 hobgoblins
  4 kobolds (D:1)
  3 frilled lizards (D:1)
  7 rats
33 creatures vanquished.

Notes
Turn   | Place    | Note
-------+----------+-------------------------------------------
     0 | D:1      | diana the Demonspawn Fighter began the quest for the Orb.
     0 | D:1      | Reached XP level 1. HP: 18/18 MP: 1/1
   318 | D:1      | Gained mutation: You are partially covered in molten
                  | scales. (AC +2) [demonic ancestry]
   318 | D:1      | Reached XP level 2. HP: 19/24 MP: 2/2
   519 | D:1      | Reached XP level 3. HP: 28/29 MP: 3/3
   634 | D:1      | Reached skill level 1 in Dodging
   914 | D:2      | Noticed Jessica
   920 | D:2      | Killed Jessica
   920 | D:2      | Gained mutation: You have sharp fingernails. [demonic
                  | ancestry]
   920 | D:2      | Reached XP level 4. HP: 35/35 MP: 4/4
   980 | D:2      | HP: 1/35 [adder (3)]
   981 | D:2      | Slain by an adder

Skill      XL: |  1  2  3 |
---------------+----------+-----
Axes           | 2 |  2.3
Armour         | 3 |  3.1
Shields        | 3 |  3.1
Dodging        | 1 |  1.3
Fighting       | |  3.5

Action                   |  1- 3 |  4- 6 || total
-------------------------+-------+-------++-------
Melee: War axe           |   100 |    43 ||   143
Armor: Scale mail        |    39 |       ||    39
       Plate armour      |    14 |    37 ||    51
Dodge: Dodged            |    30 |     8 ||    38
Block: Shield            |    69 |    24 ||    93
